 Dungeon Crawl Stone Soup version 0.22-a0-161-g198051c (webtiles) character file.

143 b5mith the Covered (level 5, -1/47 HPs)
             Began as a Minotaur Fighter on Feb 11, 2018.
             Slain by Sigmund
             ... wielding a +4 scythe
              (14 damage)
             ... on level 3 of the Dungeon.
             The game lasted 00:03:36 (1539 turns).

b5mith the Covered (Minotaur Fighter)               Turns: 1539, Time: 00:03:36

Health: -1/47      AC:  7    Str: 26    XL:     5   Next: 4%
Magic:  4/4        EV:  7    Int:  5    God:
Gold:   86         SH: 10    Dex: 10    Spells: 4/4 levels left

rFire    . . .     SeeInvis .   a - +0 long sword
rCold    . . .     Gourm    .   c - +0 shield
rNeg     . . .     Faith    .   b - +0 scale mail
rPois    .         Spirit   .   (helmet restricted)
rElec    .         Reflect  .   (no cloak)
rCorr    .         Harm     .   (no gloves)
MR       .....                  (no boots)
Stlth    ..........             (no amulet)
HPRegen  0.15/turn              (no ring)
MPRegen  0.09/turn              (no ring)

@: mighty
A: retaliatory headbutt, horns 2
a: no special abilities


You were on level 3 of the Dungeon.
You were not hungry.

You visited 1 branch of the dungeon, and saw 3 of its levels.

You collected 86 gold pieces.

Inventory:

Hand Weapons
 a - a +0 long sword (weapon)
Missiles
 m - a throwing net (quivered)
Armour
 b - a +0 scale mail (worn)
 c - a +0 shield (worn)
Scrolls
 h - 2 scrolls of remove curse {@r2}
 i - a scroll of identify {unknown}
 j - a scroll of random uselessness {unknown}
 k - a scroll of amnesia {unknown}
 l - a scroll of immolation {unknown}
Potions
 e - 3 potions of lignification {unknown}
 g - a potion of haste {unknown}
Comestibles
 f - 4 rations


   Skills:
 + Level 4.4 Fighting
 * Level 4.4 Long Blades
 + Level 4.5 Armour
 + Level 4.4 Shields


You had 4 spell levels left.
You didn't know any spells.

Dungeon Overview and Level Annotations

Branches:
Dungeon (3/15)

Altars:
Dithmenos
Nemelex Xobeh
Qazlal
The Shining One

Annotations:
D:3 Sigmund, Terence


Innate Abilities, Weirdness & Mutations

You reflexively headbutt those who attack you in melee.
You have a pair of horns on your head.


Message History

The kobold hits you but does no damage.
You closely miss the kobold.
You kill the kobold!
Terence zaps a wand.
The puff of flame hits you!
It is a wand of flame (17).
There are no items here.
Terence zaps a wand.
The puff of flame hits you! Something hits you!
Terence hits you but does no damage.
You see here a kobold corpse.
You hit Terence but do no damage. You headbutt Terence, but do no damage.
Something hits you!
* * * LOW HITPOINT WARNING * * *
Terence hits you with a hand axe.
* * * LOW HITPOINT WARNING * * *
You feel very mighty all of a sudden. Something hits you.
* * * LOW HITPOINT WARNING * * *
Terence zaps a wand.
The puff of flame misses you.
Your shield prevents you from hitting Terence.
You block Terence's attack. Something hits you!
You die...

#. ####.####
........####
...........
.........#
.........#
....!....##
###.####@.## #
##@.# ##.## #..#
.# ##.# .# # #>#
###.## ..
###.#####....
...
#..........##..#
#.............#
#..........#


You could see Terence.

Vanquished Creatures
  A centaur (D:2)
  2 adders (D:2)
  2 leopard geckos (D:1)
  3 giant cockroaches
  9 goblins
  7 hobgoblins
  10 kobolds
  2 quokkas (D:2)
  2 bats
  4 frilled lizards
  3 rats (D:1)
45 creatures vanquished.

Notes
Turn   | Place    | Note
-------+----------+-------------------------------------------
     0 | D:1      | b5mith the Minotaur Fighter began the quest for the Orb.
     0 | D:1      | Reached XP level 1. HP: 19/19 MP: 0/0
     6 | D:1      | Noticed an electric eel
    87 | D:1      | Reached XP level 2. HP: 23/27 MP: 1/1
   644 | D:1      | Reached XP level 3. HP: 33/33 MP: 2/2
   716 | D:2      | Found a shadowy altar of Dithmenos.
   833 | D:2      | Found a shadowy altar of Dithmenos.
   840 | D:2      | Found a glowing golden altar of the Shining One.
   953 | D:2      | Noticed a centaur
   964 | D:2      | Killed a centaur
   964 | D:2      | Reached XP level 4. HP: 23/41 MP: 3/3
  1078 | D:2      | Found a sparkling altar of Nemelex Xobeh.
  1135 | D:2      | Reached XP level 5. HP: 47/47 MP: 4/4
  1189 | D:2      | Noticed an air elemental
  1190 | D:2      | Found a stormy altar of Qazlal.
  1206 | D:2      | Noticed a fire elemental
  1206 | D:2      | Noticed a water elemental
  1525 | D:3      | Noticed Sigmund
  1529 | D:3      | Noticed Terence
  1539 | D:3      | Slain by Sigmund

Vault maps used:
D:1:      arrival_aquarium_a
D:2:      nemelex_xobeh_ov_fountains_minmay, nicolae_qazlal_style_of_elements,
          amethyst_overflow_temple_binary,
          nicolae_dithmenos_through_a_glass_darkly
D:3:      uniq_natasha, uniq_sigmund, uniq_terence

Skill      XL: |  1  2  3 |
---------------+----------+-----
Long Blades    | 3 4 |  4.4
Fighting       | 4 |  4.4
Armour         | 4 |  4.5
Shields        | 4 |  4.4

Action                   |  1- 3 |  4- 6 || total
-------------------------+-------+-------++-------
Melee: Long sword        |   106 |    29 ||   135
       Headbutt          |     7 |     7 ||    14
  Use: Scroll            |     1 |       ||     1
       Potion            |       |     1 ||     1
  Eat: Ration            |       |     1 ||     1
Armor: Scale mail        |    38 |    12 ||    50
Dodge: Dodged            |    30 |     9 ||    39
Block: Shield            |    66 |    15 ||    81
       Rpst.: Long sword |     6 |     2 ||     8

Table legend:
 A = Spawn XP
 B = Non-spawn XP
 C = Spawn XP percentage of total XP
 D = Spawn monster count
 E = Non-spawn monster count
 F = Spawn count percentage of total count
 G = Total turns spent on level
                    A         B        C        D         E        F      G
               +---------+---------+-------+---------+---------+-------+---------
         Total |       0 |     205 |   0.0 |       0 |      45 |   0.0 |  1539
               +---------+---------+-------+---------+---------+-------+---------
           D:1 |       0 |      41 |   0.0 |       0 |      25 |   0.0 |   673
           D:2 |       0 |     163 |   0.0 |       0 |      19 |   0.0 |   827
           D:3 |       0 |       1 |   0.0 |       0 |       1 |   0.0 |    39
               +---------+---------+-------+---------+---------+-------+---------
